 Dungeon Crawl Stone Soup version 0.29-a0-43-g62a80824bf (webtiles) character file.

Game seed: 2370180788087888912

1184 littlecub the Digger (level 8, -5/48 HPs)
             Began as a Gargoyle Earth Elementalist on Feb 2, 2022.
             Blown up by Pikel (18 damage)
             ... with a mindburst bolt
             ... on level 5 of the Dungeon.
             The game lasted 00:11:19 (6696 turns).

littlecub the Digger (Gargoyle Earth Elementalist)  Turns: 6696, Time: 00:11:19

Health: -5/48      AC:  7    Str: 11    XL:     8   Next: 42%
Magic:  0/13       EV: 12    Int: 19    God:
Gold:   253        SH:  0    Dex: 10    Spells: 4/14 levels left

rFire   . . .      SeeInvis .   l - +2 whip (elec)
rCold   . . .      Faith    .   (no shield)
rNeg    + . .      Spirit   .   b - +0 robe
rPois   ∞          Reflect  .   (no helmet)
rElec   +          Harm     .   q - scarf {shadows}
rCorr   .          Rampage  .   (no gloves)
Will    .....                   (no boots)
Stlth   ++........              (no amulet)
HPRegen 0.16/turn               (no ring)
MPRegen 0.13/turn               (no ring)

@: no status effects
A: sickness immunity, AC +5, negative energy resistance 1, electricity
resistance, torment resistance 1, petrification resistance
a: no special abilities


You were on level 5 of the Dungeon.
You visited 1 branch of the dungeon, and saw 6 of its levels.

You collected 253 gold pieces.

Inventory:

Hand Weapons
 l - a +2 whip of electrocution (weapon)
Missiles
 f - 2 javelins
Armour
 b - a +0 robe (worn)
 k - a +0 cloak
 q - a scarf of shadows (worn)
Jewellery
 j - a +4 ring of evasion
 s - a +4 ring of protection
Scrolls
 g - 4 scrolls of teleportation
Potions
 d - 2 potions of berserk rage
 e - 2 potions of attraction {unknown}
 h - a potion of brilliance {unknown}
 m - 2 potions of curing {unknown}
 n - 2 potions of degeneration {unknown}
 p - a potion of magic {unknown}
 r - a potion of haste {unknown}


   Skills:
 + Level 3.7 Fighting
 + Level 3.3 Dodging
 - Level 2.1 Stealth
 + Level 3.9 Spellcasting
 + Level 3.5 Conjurations
 + Level 3.0 Transmutations
 * Level 7.3 Earth Magic


You had 4 spell levels left.
You knew the following spells:

 Your Spells              Type           Power      Damage    Failure   Level
a - Sandblast             Erth           62%        2d14      1%          1
b - Stone Arrow           Conj/Erth      48%        3d10      4%          3
e - Petrify               Tmut/Erth      23%        N/A       16%         4
w - Passwall              Tmut/Erth      19%        N/A       2%          2

Your spell library contained the following spells:

 Spells                   Type           Power      Damage    Failure   Level
 Shock                    Conj/Air       40%        1d5       7%          1
 Conjure Flame            Conj/Fire      10%        6-21      21%         3
 Scorch                   Fire           6%         2d5       22%         2
 Ignite Poison            Fire/Tmut/Pois 7%         N/A       26%         3
 Ozocubu's Armour         Ice            3%         N/A       38%         3
 Swiftness                Air            3%         N/A       38%         3
 Flame Wave               Conj/Fire      10%        2d5       54%         4
 Sticky Flame             Conj/Fire      10%        2d3       54%         4
 Airstrike                Air            1%         N/A       80%         4
 Irradiate                Conj/Tmut      8%         3d16      69%         5
 Metabolic Englaciation   Hex/Ice        1%         N/A       98%         5
 Simulacrum               Ice/Necr       1%         N/A       100%        6
 Summon Cactus Giant      Summ           1%         N/A       100%        6
 Sublimation of Blood     Necr           Unusable   N/A       N/A         2

Dungeon Overview and Level Annotations

Branches:
Dungeon (6/15)
 Temple: D:4-7

Altars:

Annotations:
D:4 1 runed translucent door, bande's ghost, amateur GrFi
D:5 Pikel


Innate Abilities, Weirdness & Mutations

You are immune to sickness and miasma.
Your stone body is resilient. (AC +5)
You are immune to poison.
You resist negative energy. (rN+)
You are resistant to electric shocks. (rElec)
You are resistant to unholy torment.
You are immune to petrification.


Message History

Confirm with . or Enter, or press ? or * to list all spells.
Aiming: Stone Arrow (dangerous; 4% risk of failure)
Press: ? - help, Shift-Dir - straight line, f/p - Pikel
Aim: Pikel, wielding a +0 whip of flaming, wearing a +0 robe and carrying a wand of mindburst (11) (unusually resistant, 64% to hit)
The stone arrow misses Pikel.
A lemure comes into view.
Pikel hits you with a +0 whip of flaming!
Pikel burns you.
Pikel hits you with a +0 whip of flaming.
Pikel burns you.
You climb upwards.
There is a stone staircase leading down here.
Aiming: Sandblast (safe; 1% risk of failure)
Press: ? - help, Q - select action, (/) - cycle Shift-Dir - straight line, f - Pikel
Aim: Pikel, wielding a +0 whip of flaming, wearing a +0 robe and carrying a wand of mindburst (11) (unusually resistant, 77% to hit)
The blast of sand hits Pikel but does no damage.
Pikel closely misses you.
Aiming: Sandblast (safe; 1% risk of failure)
Press: ? - help, Q - select action, (/) - cycle Shift-Dir - straight line, f/p - Pikel
Aim: Pikel, wielding a +0 whip of flaming, wearing a +0 robe and carrying a wand of mindburst (11) (unusually resistant, 77% to hit)
The blast of sand hits Pikel!
Pikel is lightly wounded.
Pikel completely misses you.
Aiming: Sandblast (safe; 1% risk of failure)
Press: ? - help, Q - select action, (/) - cycle Shift-Dir - straight line, f/p - Pikel
Aim: Pikel, wielding a +0 whip of flaming, wearing a +0 robe and carrying a wand of mindburst (11) (lightly wounded, unusually resistant, 77% to hit)
The blast of sand hits Pikel!
Pikel is moderately wounded.
Pikel zaps a wand.
You struggle to resist.
Aiming: Sandblast (safe; 1% risk of failure)
Press: ? - help, Q - select action, (/) - cycle Shift-Dir - straight line, f/p - Pikel
Aim: Pikel, wielding a +0 whip of flaming, wearing a +0 robe and carrying a wand of mindburst (10) (moderately wounded, unusually resistant, 77% to hit)
The blast of sand hits Pikel.
Pikel is heavily wounded.
You now have no stones remaining.
Pikel says, "It's all about the gold, really."
Pikel zaps a wand.
Your mind is blasted!
* * * LOW HITPOINT WARNING * * *
Pikel zaps a wand.
Your mind is blasted!
You die...

# ##...[.....# ##.....#.###.#. #
#......<..## #.#...#...#..)#
####.....)).## #.#####...#...#
##..........# #.#...#...#..)#
..........).# ##.....#.###.#)
......)....##########...###...###
..................K#.###.#.....#.
.......).........>#...#...#...#..
........).......@.#...#...#####..
..........<.......#...#...#...#..
#..................#.###.#.....#.
#.............#######...###...###
....(......#### ##.....#.###.#.
..........####### #.#...#...#...#
##..............###.#####...#...#
###......######..##)#...#...#÷..#
# ##.....# ##.###...[.#.###.#.


You could see Pikel (resistant).

Vanquished Creatures
  3 ogres
  A scorpion (D:5)
  A wight (D:6)
  A howler monkey (D:4)
  A bullfrog zombie (D:5)
  3 hounds (D:5)
  An orc priest (D:5)
  2 centaur skeletons
  An iguana (D:4)
  7 orc wizards (D:5)
  A hound skeleton (D:4)
  A hound zombie (D:5)
  10 gnolls
  4 adders
  3 worms
  18 orcs
  9 ball pythons
  6 bats
  6 endoplasms
  3 giant cockroaches
  5 goblins
  9 hobgoblins
  2 jackals (D:2)
  4 quokkas
  2 frilled lizards
  5 kobolds
  10 rats
119 creatures vanquished.

Vanquished Creatures (collateral kills)
  Edmund (D:4)
1 creature vanquished.

Vanquished Creatures (others)
  2 withered plants (D:4)
2 creatures vanquished.

Grand Total: 122 creatures vanquished

Notes
Turn   | Place    | Note
-------+----------+-------------------------------------------
     0 | D:1      | littlecub the Gargoyle Earth Elementalist began the quest
                  | for the Orb.
     0 | D:1      | Reached XP level 1. HP: 10/10 MP: 3/3
   343 | D:1      | Reached XP level 2. HP: 16/16 MP: 3/5
   450 | D:1      | Reached skill level 4 in Earth Magic
   459 | D:1      | Reached skill level 1 in Transmutations
  1156 | D:2      | Reached skill level 1 in Fighting
  1195 | D:2      | Reached XP level 3. HP: 20/20 MP: 2/6
  1265 | D:2      | Learned a level 2 spell: Passwall
  1269 | D:2      | Learned a level 3 spell: Stone Arrow
  1634 | D:2      | Reached XP level 4. HP: 25/25 MP: 4/7
  1997 | D:2      | Found a faded altar of an unknown god.
  2965 | D:3      | Reached skill level 1 in Conjurations
  3258 | D:3      | Reached XP level 5. HP: 30/30 MP: 1/8
  3919 | D:3      | Reached skill level 5 in Earth Magic
  4033 | D:4      | Noticed an ogre
  4037 | D:4      | Killed an ogre
  4038 | D:4      | Reached XP level 6. HP: 36/36 MP: 2/10
  4078 | D:4      | Found a runed translucent door.
  4078 | D:4      | Noticed bande's ghost (amateur GrFi)
  4098 | D:4      | Noticed Edmund
  4139 | D:4      | Killed Edmund
  4494 | D:4      | Reached XP level 7. HP: 40/40 MP: 7/11
  4823 | D:4      | Reached skill level 6 in Earth Magic
  5198 | D:4      | Learned a level 4 spell: Petrify
  5216 | D:5      | Entered Level 5 of the Dungeon
  5674 | D:5      | Reached XP level 8. HP: 10/46 MP: 0/13
  6078 | D:5      | Reached skill level 7 in Earth Magic
  6683 | D:6      | Noticed Pikel
  6696 | D:5      | Blown up by Pikel

Illustrated notes

Levels and vault maps discovered:
D:1:      psy_arrival_fountain, layout_loops_ring, hangedman_decor_lopped
D:2:      layout_loops_corners, chequers_ecumenical_altar_lobes, st_stairs_2,
          kennysheep_pointless_box, roderic_roman_lattice,
          minmay_misc_feat_square, chequers_serial_rivers_micro_d
D:3:      layout_loops_ring
D:4:      layout_gridville, portal_sewer_entry_b, gammafunk_ghost_grave,
          minmay_misc_feat_tiny, amcnicky_mini_corridor_feature, uniq_edmund
D:5:      nicolae_cairo_tiling, layout_layer_cave,
          minmay_a_box_with_orc_wizards_in_it
D:6:      layout_cave_pods, nicolae_ossuary_entry_plus, uniq_pikel

Skill      XL: |  1  2  3  4  5  6  7  8 |
---------------+-------------------------+-----
Earth Magic    | 4 5 6 7 |  7.3
Transmutations | 1 2 3 |  3.0
Fighting       | 1 2 3 |  3.7
Dodging        | 2 3 |  3.3
Conjurations   | 1 2 3 |  3.5
Spellcasting   | 3 |  3.9
Stealth        | |  2.1

Action                   |  1- 3 |  4- 6 |  7- 9 || total
-------------------------+-------+-------+-------++-------
Melee: Unarmed           |     1 |    14 |       ||    15
       Whip              |       |    26 |    67 ||    93
       Punch             |       |     2 |     1 ||     3
Throw: Javelin           |       |       |     3 ||     3
 Cast: Sandblast         |    38 |    80 |    55 ||   173
       Stone Arrow       |       |     2 |    14 ||    16
  Use: Scroll            |     2 |     5 |     3 ||    10
       Potion            |       |     2 |       ||     2
 Stab: Distracted        |       |     1 |       ||     1
       Sleeping          |       |       |     3 ||     3
Armor: Robe              |     7 |    24 |    35 ||    66
Dodge: Dodged            |     6 |    46 |    51 ||   103

Table legend: (Time is in decaauts)
 A = Elapsed time spent in this place.
 B = Non-inter-level travel time spent in this place.
 C = Inter-level travel time spent in this place.
 D = Time resting spent in this place.
 E = Time spent auto-exploring this place.
 F = Levels seen in this place.
 G = Mean time per level.
                   A        B        C        D        E       F      G
               +--------+--------+--------+--------+--------+-----+--------+
         Total |   6709 |   6433 |    276 |    330 |   5159 |   6 | 1118.2 |
       Dungeon |   6709 |   6433 |    276 |    330 |   5159 |   6 | 1118.2 |
               +--------+--------+--------+--------+--------+-----+--------+

Top non-repeatable levels by time:
     D:2: 1688 daAuts
     D:5: 1430 daAuts
     D:4: 1284 daAuts
     D:1: 1138 daAuts
     D:3: 1114 daAuts
     D:6: 52 daAuts
